 Dungeon Sprint DCSS version 0.22-a0-78-g0f8607c (webtiles) character file.

1226 Kidiri the Covert (level 8, -2/42 HPs)
             Began as a Spriggan Enchanter on Jan 16, 2018.
             Was a Believer of Dithmenos.
             Slain by an orc warrior
             ... wielding a +0 glaive
              (19 damage)
             ... in the Dungeon (Sprint IX: "|||||||||||||||||||||||||||||").
             The game lasted 00:04:15 (787 turns).

Kidiri the Covert (Spriggan Enchanter)               Turns: 787, Time: 00:04:16

Health: -2/42      AC:  5    Str:  7    XL:     8   Next: 23%
Magic:  0/21       EV: 27    Int: 17    God:    Dithmenos [**....]
Gold:   0          SH:  0    Dex: 18    Spells: 12/24 levels left

rFire    . . .     SeeInvis +   a - +2 rapier (venom)
rCold    . . .     Gourm    .   (shield restricted)
rNeg     . . .     Faith    .   b - +0 robe
rPois    .         Spirit   .   (helmet restricted)
rElec    .         Reflect  .   n - +0 cloak
rCorr    .         Harm     .   (gloves unavailable)
MR       +....     NoTele   +   (boots unavailable)
Stlth    +++++++...             (no amulet)
HPRegen  0.14/turn              q - +2 ring of protection
MPRegen  0.17/turn              p - +3 ring of strength

@: very slightly contaminated, wreathed by umbra, very quick
A: very small, unfitting armour, see invisible, herbivore, speed 3, slow
metabolism 2
a: Shadow Step, Renounce Religion


You were in the Dungeon.
You worshipped Dithmenos.
Dithmenos was pleased with you.
You were not hungry.

You visited 1 branch

Inventory:

Hand Weapons
 a - a +2 rapier of venom (weapon)
Armour
 b - a +0 robe (worn)
 n - a +0 cloak (worn)
Jewellery
 p - a +3 ring of strength (right hand)
 q - a +2 ring of protection (left hand)
Wands
 m - a wand of acid (10)
Scrolls
 j - 2 scrolls of blinking
 k - 3 scrolls of remove curse
 l - 2 scrolls of amnesia
Potions
 e - 5 potions of curing
 f - 3 potions of heal wounds
 g - a potion of haste
 h - 4 potions of magic
 i - a potion of invisibility
Books
 c - a book of Maledictions

   Spells                             Type                      Level
   a - Corona                         Hexes                        1
   b - Ensorcelled Hibernation        Hexes/Ice                    2
   c - Confuse                        Hexes                        3
   d - Tukima's Dance                 Hexes                        3
   e - Dazzling Spray                 Conjuration/Hexes            3
Comestibles
 d - a ration


   Skills:
 + Level 3.7 Fighting
 * Level 7.8 Short Blades
 + Level 3.5 Armour
 * Level 10.6 Dodging
 * Level 12.0 Stealth
 * Level 8.8 Spellcasting
 + Level 2.5 Conjurations
 + Level 7.1 Hexes
 + Level 2.8 Ice Magic
 + Level 3.4 Invocations
 + Level 4.5 Evocations


You had 12 spell levels left.
You knew the following spells:

 Your Spells              Type           Power        Failure   Level  Hunger
a - Corona                Hex            ####...      1%          1    None
b - Ensorcelled Hibernat  Hex/Ice        ###...       1%          2    None
c - Confuse               Hex            ####....     1%          3    None
d - Tukima's Dance        Hex            ####....     1%          3    None
e - Dazzling Spray        Conj/Hex       ###...       3%          3    None


Dungeon Overview and Level Annotations

Branches:
Dungeon (1/1)

Altars:
Cheibriados
Dithmenos
Elyvilon
Fedhas
Gozag
Hepliaklqana
Kikubaaqudgha
Makhleb
Nemelex Xobeh
Okawaru
Qazlal
Ru
Sif Muna
Trog
Uskayaw
Vehumet
Wu Jian
Xom
Yredelemnul
Zin
The Shining One
Beogh
Jiyva
Lugonu


Innate Abilities, Weirdness & Mutations

You are very small and have problems with some larger weapons.
You are too small for most types of armour.
You have supernaturally acute eyesight. (SInv)
You are a herbivore.
You cover ground extremely quickly.
You need consume almost no food.


Message History

The crimson imp is heavily wounded.
You barely miss the crimson imp.
The crimson imp is heavily wounded.
The hound stops to sniff the ground.
The crimson imp barely misses the orc warrior.
You hit the crimson imp.
The crimson imp is almost dead.
You kill the crimson imp!
Dithmenos accepts your kill. The orc warrior misses you.
Unknown command.
Casting: Confuse
Confirm with . or Enter, or press ? or * to list all spells.
Aiming: Ensorcelled Hibernation
Press: ? - help, Shift-Dir - straight line, f - orc warrior, p - centaur warrior
Aim: an orc warrior, wielding a glaive and wearing a plate armour (umbra, chance to defeat MR: 53%)
The orc warrior looks drowsy...
The orc warrior shouts!
The orc warrior hits you from afar with a glaive!!
You die...

▓+▓
▓.▓
▓z▓
▓h▓
▓c▓
▓o▓
▓)▓
▓@▓
▓.▓
▓.▓
▓.▓
▓.▓
▓(▓
▓.▓
▓'▓
▓.▓


You could see a centaur warrior (blind), an orc warrior, a hound and a wight.

Vanquished Creatures
  A centaur warrior (D)
  A hippogriff (D)
  A wyvern (D)
  A water moccasin (D)
  An ice beast (D)
  A bullfrog (D)
  2 crimson imps (D)
  3 orcs (D)
  A bat (D)
  A goblin (D)
  A quokka (D)
  2 frilled lizards (D)
  A kobold (D)
  A rat (D)
18 creatures vanquished.

Notes
Turn   | Place    | Note
-------+----------+-------------------------------------------
     0 | D        | Kidiri the Spriggan Enchanter began the quest for the Orb.
     0 | D        | Reached XP level 1. HP: 9/9 MP: 5/5
   209 | D        | Noticed a water moccasin
   209 | D        | Noticed a crimson imp
   220 | D        | Killed a crimson imp
   220 | D        | Reached skill level 1 in Fighting
   220 | D        | Reached skill level 1 in Armour
   220 | D        | Reached skill level 5 in Dodging
   220 | D        | Reached skill level 6 in Stealth
   220 | D        | Reached XP level 2. HP: 7/14 MP: 4/8
   220 | D        | Reached XP level 3. HP: 9/18 MP: 4/9
   231 | D        | Killed a water moccasin
   231 | D        | Reached skill level 8 in Stealth
   231 | D        | Reached skill level 5 in Spellcasting
   231 | D        | Reached skill level 5 in Hexes
   231 | D        | Reached XP level 4. HP: 12/23 MP: 5/12
   231 | D        | Reached XP level 5. HP: 13/26 MP: 5/14
   423 | D        | Found a roughly hewn altar of Beogh.
   423 | D        | Found a snail-covered altar of Cheibriados.
   423 | D        | Found a shadowy altar of Dithmenos.
   423 | D        | Found a white marble altar of Elyvilon.
   423 | D        | Found a blossoming altar of Fedhas.
   423 | D        | Found an opulent altar of Gozag.
   424 | D        | Found a hazy altar of Hepliaklqana.
   425 | D        | Found a viscous altar of Jiyva.
   426 | D        | Found an ancient bone altar of Kikubaaqudgha.
   427 | D        | Found a corrupted altar of Lugonu.
   428 | D        | Found a burning altar of Makhleb.
   429 | D        | Found a sparkling altar of Nemelex Xobeh.
   430 | D        | Found an iron altar of Okawaru.
   431 | D        | Found a stormy altar of Qazlal.
   432 | D        | Found a sacrificial altar of Ru.
   433 | D        | Found a deep blue altar of Sif Muna.
   434 | D        | Found a bloodstained altar of Trog.
   435 | D        | Found a hide-covered altar of Uskayaw.
   436 | D        | Found a radiant altar of Vehumet.
   437 | D        | Found an ornate altar of the Wu Jian Council.
   438 | D        | Found a shimmering altar of Xom.
   439 | D        | Found a basalt altar of Yredelemnul.
   440 | D        | Found a glowing silver altar of Zin.
   441 | D        | Found a glowing golden altar of the Shining One.
   470 | D        | Became a worshipper of Dithmenos the Shadowed
   531 | D        | Noticed a hippogriff
   531 | D        | Noticed an ice beast
   531 | D        | Noticed a wyvern
   548 | D        | Learned a level 2 spell: Ensorcelled Hibernation
   552 | D        | Learned a level 3 spell: Confuse
   556 | D        | Learned a level 3 spell: Tukima's Dance
   560 | D        | Learned a level 3 spell: Dazzling Spray
   571 | D        | Killed a wyvern
   571 | D        | Reached skill level 5 in Short Blades
   571 | D        | Reached skill level 9 in Stealth
   571 | D        | Reached skill level 1 in Conjurations
   571 | D        | Reached skill level 1 in Ice Magic
   571 | D        | Reached skill level 1 in Invocations
   571 | D        | Reached XP level 6. HP: 30/32 MP: 6/16
   576 | D        | Reached * piety under Dithmenos
   588 | D        | Killed an ice beast
   588 | D        | Reached skill level 10 in Stealth
   590 | D        | Killed a hippogriff
   590 | D        | Reached XP level 7. HP: 36/36 MP: 3/19
   606 | D        | Reached ** piety under Dithmenos
   771 | D        | Noticed a centaur warrior
   771 | D        | Noticed a centaur warrior
   776 | D        | Killed a centaur warrior
   776 | D        | Reached skill level 10 in Dodging
   776 | D        | Reached skill level 12 in Stealth
   776 | D        | Reached XP level 8. HP: 39/42 MP: 15/21
   787 | D        | Slain by an orc warrior

Vault maps used:
D:        linesprint

Skill      XL: |  1  2  3  4  5  6  7 |
---------------+----------------------+-----
Spellcasting   | 4 5 6 7 8 |  8.8
Fighting       | 1 2 3 |  3.7
Short Blades   | 3 4 5 6 7 |  7.8
Armour         | 1 2 3 |  3.5
Dodging        | 5 6 7 9 10 | 10.6
Stealth        | 6 8 9 10 12 | 12.0
Hexes          | 4 5 6 7 |  7.1
Conjurations   | 1 2 |  2.5
Ice Magic      | 1 2 |  2.8
Invocations    | 1 2 3 |  3.4
Evocations     | 2 3 4 |  4.5

Action                   |  1- 3 |  4- 6 |  7- 9 || total
-------------------------+-------+-------+-------++-------
Melee: Dagger            |    35 |       |       ||    35
       Rapier            |       |    23 |     8 ||    31
 Cast: Corona            |     6 |     2 |       ||     8
       Ensorcelled Hiber |       |     3 |     5 ||     8
       Confuse           |       |     2 |     2 ||     4
       Dazzling Spray    |       |       |     1 ||     1
  Use: Potion            |     1 |       |       ||     1
 Stab: Sleeping          |     1 |     1 |     1 ||     3
       Confused          |       |     2 |       ||     2
Armor: Robe              |     3 |       |       ||     3
Dodge: Dodged            |    35 |    15 |     6 ||    56

Table legend:
 A = Spawn XP
 B = Non-spawn XP
 C = Spawn XP percentage of total XP
 D = Spawn monster count
 E = Non-spawn monster count
 F = Spawn count percentage of total count
 G = Total turns spent on level
                    A         B        C        D         E        F      G
               +---------+---------+-------+---------+---------+-------+---------
         Total |       0 |    1752 |   0.0 |       0 |      18 |   0.0 |   787
               +---------+---------+-------+---------+---------+-------+---------
             D |       0 |    1752 |   0.0 |       0 |      18 |   0.0 |   787
               +---------+---------+-------+---------+---------+-------+---------
